 Dungeon Crawl Stone Soup version 0.29.1-2-gbd0b4ee654 (webtiles) character file.

Game seed: 4636065063165797806

8248 GeoRichter the Zephyrmancer (level 11, -6/64 HPs)
             Began as a Tengu Air Elementalist on Nov 13, 2022.
             Was an Initiate of Gozag.
             Mangled by a wyvern (7 damage)
             ... on level 10 of the Dungeon.
             The game lasted 00:26:34 (13313 turns).

GeoRichter the Zephyrmancer (TeAE)                 Turns: 13313, Time: 00:26:35

Health: -6/64      AC: 11    Str:  9    XL:     11   Next: 27%
Magic:  16/22      EV: 24    Int: 20    God:    Gozag
Gold:   1907       SH:  5    Dex: 14    Spells: 14/24 levels left

rFire   + + .      SeeInvis .   a - staff of air
rCold   + . .      Faith    .   l - +0 buckler
rNeg    . . .      Spirit   .   A - +7 leather armour of the Kraken {rF+}
rPois   .          Reflect  .   j - +1 hat
rElec   +          Harm     .   F - scarf {rC+ rF+}
rCorr   .          Rampage  .   (no gloves)
Will    .....                   (boots unavailable)
Stlth   ++........              (no amulet)
HPRegen 0.20/turn               u - +4 ring of evasion
MPRegen 0.18/turn               L - +4 ring of evasion

@: flying quickly and evasively, quick
A: beak, talons 3, nimble flight
a: Renounce Religion, Potion Petition, Call Merchant, Bribe Branch


You were on level 10 of the Dungeon.
You worshipped Gozag.
Gozag was most pleased with you.
You visited 1 branch of the dungeon, and saw 11 of its levels.
You also visited: Bailey.

You collected 1957 gold pieces.
You paid 50 gold pieces to Gozag.

Inventory:

Hand Weapons
 b - a +1 falchion of freezing
   (You took it off a wight on level 5 of the Dungeon)
Missiles
 B - 2 throwing nets {!f}
Armour
 j - a +1 hat (worn)
   (You found it on level 1 of the Dungeon)
 l - a +0 buckler (worn)
   (You found it on level 1 of the Dungeon)
 A - the +7 leather armour of the Kraken (worn) {rF+}
   (You found it on level 4 of the Dungeon)

   rF:        It protects you from fire.
 F - a scarf of resistance (worn)
   (You found it in a bailey)
Magical Staves
 a - a staff of air (weapon)
   (You found it in a bailey)
Jewellery
 n - a ring of fire
   (You found it on level 1 of the Dungeon)
 u - a +4 ring of evasion (left hand)
   (You found it on level 3 of the Dungeon)
 L - a +4 ring of evasion (right hand)
   (You found it on level 8 of the Dungeon)
Wands
 K - a wand of paralysis (6)
   (You found it on level 8 of the Dungeon)
 N - a wand of digging (6)
   (You found it on level 10 of the Dungeon)
 P - a wand of quicksilver (2)
   (You found it on level 10 of the Dungeon)
Scrolls
 e - 4 scrolls of poison {!r}
 h - a scroll of torment {unknown}
 i - 4 scrolls of magic mapping
 k - 3 scrolls of teleportation {@r4}
 o - a scroll of immolation {unknown}
 r - 3 scrolls of enchant armour
 t - 2 scrolls of fear {unknown}
 w - 2 scrolls of fog
 x - a scroll of silence {unknown}
 y - a scroll of vulnerability {unknown}
 C - 4 scrolls of blinking {unknown}
 H - a scroll of noise {unknown}
 J - a scroll of enchant weapon {unknown}
 M - a scroll of identify {@r1}
Potions
 c - 4 potions of heal wounds {@q2}
 f - 3 potions of haste {unknown}
 g - 2 potions of resistance
 m - 3 potions of mutation {!q}
 p - 3 potions of flight {unknown}
 q - 3 potions of cancellation {unknown}
 s - 2 potions of lignification {unknown}
 v - 2 potions of invisibility {unknown}
 z - 3 potions of berserk rage {unknown}
 D - a potion of degeneration {unknown}
 G - 10 potions of curing {unknown}
 I - a potion of might
 O - a potion of ambrosia {unknown}
Miscellaneous
 d - a phantom mirror
   (You found it on level 9 of the Dungeon)
 E - a condenser vane (inert)
   (You found it in a bailey)


   Skills:
 + Level 5.3 Fighting
 + Level 5.8 Armour
 + Level 6.5 Dodging
 - Level 2.0 Stealth
 - Level 5.0 Shields
 + Level 7.1 Spellcasting
 - Level 9.1 Conjurations
 - Level 10.0 Air Magic
 - Level 5.0 Evocations


You had 14 spell levels left.
You knew the following spells:

 Your Spells              Type           Power      Damage    Failure   Level
a - Static Discharge      Conj/Air       62%        3-11/arc  1%          2
b - Airstrike             Air            31%        2d(5-21)  2%          4
c - Shock                 Conj/Air       100%       1d9       1%          1
d - Swiftness             Air            63%        N/A       1%          3

Your spell library contained the following spells:

 Spells                   Type           Power      Damage    Failure   Level
 Apportation              Tloc           14%        N/A       16%         1
 Beastly Appendage        Tmut           14%        N/A       16%         1
 Freeze                   Ice            28%        1d5       16%         1
 Necrotise                Necr           28%        1d5       16%         1
 Summon Small Mammal      Summ           28%        N/A       16%         1
 Ensorcelled Hibernation  Hex/Ice        14%        N/A       24%         2
 Passwall                 Tmut/Erth      5%         N/A       24%         2
 Wereblood                Tmut           7%         N/A       24%         2
 Hailstorm                Conj/Ice       25%        3d7       24%         4
 Frozen Ramparts          Ice            14%        1d3       43%         3
 Gell's Gravitas          Tloc           7%         N/A       43%         3
 Spider Form              Tmut/Pois      7%         N/A       43%         3
 Teleport Other           Tloc           7%         N/A       43%         3
 Dispersal                Tloc           3%         N/A       100%        6


Dungeon Overview and Level Annotations

Branches:
Dungeon (11/15) Zot: 26974  Temple (0/1) D:6            Lair (0/5) D:11
    Orc (0/2) D:10         Bailey (visited)

Altars:
Ashenzari
Elyvilon
Gozag
Hepliaklqana
Kikubaaqudgha
Sif Muna
Yredelemnul

Annotations:
D:10 1 runed translucent door, predelnik's ghost, novice DgEE


Innate Abilities, Weirdness & Mutations

You have a beak for a mouth.
You have claws for feet.
Your magical nature lets you fly swiftly and evasively.


Message History

Reactivating autopickup.
The yak gores the bush but does no damage.
The yak is distracted by your dazzling golden aura.
A scorpion comes into view.
The yak bellows! x2
The wyvern bites you!
* * * LOW HITPOINT WARNING * * *
The wyvern bites you!
* * * LOW HITPOINT WARNING * * *
A water moccasin comes into view.
The shadow hits something!
The yak gores the bush but does no damage.
The wyvern bites you but does no damage.
The wyvern bites you.
The wyvern bites you but does no damage. x2
The shadow hits something.
The yak gores the bush but does no damage.
You turn to flesh and can move again.
There is a stone staircase leading up here.
You feel much better. The wyvern closely misses you. The wyvern misses you.
A basilisk comes into view.
The yak gores the bush.
The wyvern barely misses you. The wyvern misses you.
The scorpion stings the bush but does no damage.
The wyvern barely misses you.
The shadow is distracted by your dazzling golden aura.
The wyvern completely misses you.
The yak gores the bush but does no damage.
You fly upwards.
Level annotation: 1 runed translucent door, predelnik's ghost, novice DgEE
There is a stone staircase leading down here.
You feel a surge of power!
The wyvern is struck by an arc of lightning!
You resist.
You are struck by an arc of lightning.
The wyvern is struck by an arc of lightning!
You resist.
You are struck by an arc of lightning.
The wyvern is struck by an arc of lightning!
You resist.
You are struck by an arc of lightning.
* * * LOW HITPOINT WARNING * * *
The wyvern is struck by an arc of lightning.
You resist.
You are struck by an arc of lightning.
The wyvern is struck by an arc of lightning!
You resist.
You are struck by an arc of lightning.
* * * LOW HITPOINT WARNING * * *
The lightning grounds out.
The wyvern bites you!
* * * LOW HITPOINT WARNING * * *
You block the wyvern's attack. The wyvern bites you!
* * * LOW HITPOINT WARNING * * *
The wyvern bites you!
You die...
Your body crumbles into a pile of gold.

#........#.##.# #.#
#####.........# ############# #.#
#.#..#.##.# #...........# #..
#.#..#.##.###.#####.....###..
#....#.##.........+..........
###.......#.#.#####.....###..
#######.##.##.#.#.#####.....###..
................#l##.............
......#.##.##...@.##........###..
......#.##.##..l#.##........# #..
......#.##.##...#.##........# #..
......#'##......#.##........###..
###.......###.#.#.########.......
#..............................
#..............................
###...............#....#.##....
### #.........#.#.#.#....#.##.#..


You could see 2 wyverns.

Vanquished Creatures
  An orc knight (Bailey)
  2 trolls (D:9)
  A hornet (D:10)
  Prince Ribbit (D:6)
  Sigmund (D:5)
  A wraith (D:10)
  11 yaks
  2 wyverns
  2 steam dragons
  2 water moccasins
  Duvessa (D:5)
  2 sky beasts
  2 ice beasts
  11 orc warriors
  2 ogres
  2 phantoms
  4 centaurs
  2 kobold brigands (D:10)
  2 bullfrogs
  A gnoll sergeant (D:8)
  A scorpion (D:4)
  5 wights (D:5)
  Dowan (D:5)
  4 killer bees
  4 electric eels (D:8)
  4 howler monkeys
  A jelly (D:6)
  8 orc priests
  A hound (D:5)
  3 iguanas
  11 orc wizards
  Robin (D:2)
  6 adders
  12 gnolls
  A shadow imp (D:6)
  4 white imps
  2 ufetubi (D:6)
  2 worms
  2 dart slugs
  48 orcs
  5 ball pythons
  5 bats
  7 endoplasms
  4 giant cockroaches (D:1)
  14 goblins
  10 hobgoblins
  2 jackals (D:2)
  3 quokkas
  7 frilled lizards
  15 kobolds
  3 rats
249 creatures vanquished.

Vanquished Creatures (others)
  9 fungi
  7 plants
16 creatures vanquished.

Grand Total: 265 creatures vanquished

Notes
Turn   | Place    | Note
-------+----------+-------------------------------------------
     0 | D:1      | GeoRichter the Tengu Air Elementalist began the quest for
                  | the Orb.
     0 | D:1      | Reached XP level 1. HP: 10/10 MP: 4/4
   266 | D:1      | Reached XP level 2. HP: 15/15 MP: 3/6
   774 | D:1      | Reached XP level 3. HP: 19/19 MP: 4/7
  1357 | D:2      | Learned a level 2 spell: Static Discharge
  1394 | D:2      | Noticed Robin
  1463 | D:2      | Killed Robin
  1464 | D:2      | Reached skill level 5 in Air Magic
  1567 | D:2      | Reached XP level 4. HP: 24/24 MP: 0/8
  3267 | D:4      | Noticed a scorpion
  3425 | D:4      | Killed a scorpion
  3426 | D:4      | Gained mutation: Your magical nature lets you fly swiftly
                  | and evasively. [Tengu growth]
  3426 | D:4      | Reached XP level 5. HP: 20/28 MP: 4/10
  3577 | D:4      | Identified the +7 leather armour of the Kraken {rF+}
  3595 | D:4      | Learned a level 4 spell: Airstrike
  3728 | D:4      | Noticed an ogre
  3735 | D:4      | Killed an ogre
  3736 | D:4      | Reached skill level 5 in Conjurations
  3736 | D:4      | Reached skill level 6 in Air Magic
  3736 | D:4      | Reached XP level 6. HP: 30/32 MP: 3/11
  4404 | D:4      | Found an opulent altar of Gozag.
  4418 | D:4      | Became a worshipper of Gozag Ym Sagoz the Greedy
  4531 | D:4      | You are sucked into a shaft and drop 3 floors!
  4551 | D:7      | Reached skill level 7 in Air Magic
  4565 | D:7      | Found a flagged portal.
  4616 | Bailey   | Entered a bailey
  4625 | Bailey   | Noticed an orc warrior
  4739 | Bailey   | Killed an orc warrior
  4740 | Bailey   | Reached XP level 7. HP: 36/36 MP: 4/13
  4967 | Bailey   | Noticed an orc knight
  5036 | Bailey   | Reached skill level 8 in Air Magic
  5153 | Bailey   | Killed an orc knight
  5154 | Bailey   | Reached skill level 9 in Air Magic
  5154 | Bailey   | Reached XP level 8. HP: 41/41 MP: 0/15
  5422 | Bailey   | Found a large runed translucent door.
  5422 | Bailey   | Found a large runed translucent door.
  5423 | Bailey   | Noticed a deep elf pyromancer
  5712 | D:7      | Noticed Prince Ribbit
  5719 | D:7      | Noticed a wyvern
  5896 | D:5      | Entered Level 5 of the Dungeon
  6099 | D:5      | Reached skill level 10 in Air Magic
  6246 | D:5      | Reached XP level 9. HP: 46/46 MP: 10/17
  6313 | D:5      | Reached skill level 1 in Shields
  6313 | D:5      | Reached skill level 5 in Spellcasting
  6314 | D:5      | Reached skill level 1 in Armour
  6317 | D:5      | Reached skill level 1 in Fighting
  7093 | D:5      | Noticed Dowan
  7097 | D:5      | Killed Dowan
  7101 | D:5      | Noticed Duvessa
  7106 | D:5      | Killed Duvessa
  7115 | D:5      | Noticed Sigmund
  7211 | D:5      | Killed Sigmund
  7916 | D:6      | Learned a level 3 spell: Swiftness
  8196 | D:6      | Found a staircase to the Ecumenical Temple.
  8589 | D:6      | Killed Prince Ribbit
  8590 | D:6      | Reached XP level 10. HP: 25/56 MP: 12/19
  9062 | D:7      | Found a basalt altar of Yredelemnul.
  9229 | D:7      | Reached skill level 5 in Shields
  9412 | D:7      | Found a white marble altar of Elyvilon.
  9761 | D:8      | Found a broken altar of Ashenzari.
  9904 | D:8      | Reached skill level 5 in Dodging
 10234 | D:8      | Found an ancient bone altar of Kikubaaqudgha.
 10577 | D:8      | Found a hazy altar of Hepliaklqana.
 10578 | D:8      | Found a shimmering blue altar of Sif Muna.
 10915 | D:9      | Reached skill level 1 in Evocations
 11872 | D:10     | Entered Level 10 of the Dungeon
 11909 | D:10     | Reached skill level 5 in Armour
 12085 | D:10     | Noticed predelnik's ghost (novice DgEE)
 12104 | D:10     | Reached XP level 11. HP: 37/62 MP: 9/22
 12311 | D:10     | Reached skill level 5 in Fighting
 12523 | D:10     | Found a runed translucent door.
 12812 | D:10     | Found a staircase to the Orcish Mines.
 13294 | D:11     | Found a staircase to the Lair.
 13302 | D:11     | Reached skill level 5 in Evocations
 13313 | D:10     | HP: 1/64 [wyvern (12)]
 13313 | D:10     | Mangled by a wyvern

Illustrated notes

Levels and vault maps discovered:
D:1:      saegor_arrival_simple_b, layout_loops_corners, fountainhead,
          dreamdust_mushroom_princess
D:2:      layout_basic, uniq_robin
D:3:      layout_basic
D:4:      layout_cave_pods, grunt_gozag_breadcrumbs
D:5:      layout_gridville, hangedman_decor_peaks_small, uniq_duvessa,
          uniq_sigmund
D:6:      layout_rooms, minmay_temple_entry_nine_rooms, minivault_22
D:7:      layout_cave_pools, kennysheep_ying_yang, enter_bailey_2,
          uniq_prince_ribbit1
D:8:      layout_loops_ring, mainiacjoe_overflow_boulevard,
          nicolae_overflow_two_pavilions, overflow_temple_1_default,
          kennysheep_doodads
D:9:      layout_irregular_city
D:10:     layout_basic, david_orc_4, hellmonk_ghost_big_iron
D:11:     minmay_bubble_buster, layout_cave_pools, minmay_lair_entry_grove,
          kennysheep_generic_room_5

Skill      XL: |  1  2  3  4  5  6  7  8  9 10 11 |
---------------+----------------------------------+-----
Conjurations   | 2 3 4 5 6 8 9 |  9.1
Air Magic      | 5 6 7 9 10 | 10.0
Spellcasting   | 3 4 5 6 7 |  7.1
Shields        | 4 5 |  5.0
Armour         | 3 5 |  5.8
Fighting       | 3 4 5 |  5.3
Dodging        | 4 6 |  6.5
Evocations     | 3 5 |  5.0
Stealth        | |  2.0

Action                   |  1- 3 |  4- 6 |  7- 9 | 10-12 || total
-------------------------+-------+-------+-------+-------++-------
Melee: Hand axe          |     2 |    21 |     1 |       ||    24
       Kick              |       |     9 |     6 |    10 ||    25
       Peck              |       |     4 |     6 |     5 ||    15
       Falchion          |       |       |    19 |    32 ||    51
       Staff             |       |       |     5 |     8 ||    13
 Cast: Shock             |    64 |   112 |   146 |    53 ||   375
       Static Discharge  |     2 |     8 |    37 |    72 ||   119
       Airstrike         |       |       |     6 |     6 ||    12
Evoke: Wand              |       |       |       |     4 ||     4
       Condenser vane    |       |       |       |     1 ||     1
  Use: Scroll            |       |     7 |     7 |       ||    14
       Potion            |       |       |     1 |     2 ||     3
 Stab: Paralysed         |       |       |       |     8 ||     8
Armor: Robe              |     3 |     1 |       |       ||     4
       Leather armour    |       |     3 |    27 |    23 ||    53
Dodge: Dodged            |     7 |    27 |    83 |    80 ||   197
Block: Buckler           |       |       |    19 |    16 ||    35
